FSL
ST. LUCIE METS @ BRADENTON MARAUDERS
08/11/2099
 
TOP OF THE 1ST
St. Lucie Mets batting - Pitching for Bradenton Marauders : RHP Bill Murray
Pitching: RHP Bill Murray
Batting: RHB Ron Ferrero 0-0: Ball
1-0: Ball
2-0: Foul Ball, location: 2F
2-1: Ball
3-1: Foul Ball, location: 2F
3-2: Strikes out swinging
Batting: LHB Victor Vargas 0-0: Ball
1-0: Foul Ball, location: 7LDF
1-1: SINGLE (Groundball, 6D, EV 93.8 MPH)
Batting: RHB Ethan Robinson 0-0: Fly out, F2 (Popup, 25F, EV 83.1 MPH)
Batting: LHB Jamie Heath 0-0: Ball
1-0: Called Strike
1-1: Called Strike
1-2: Fly out, F9 (Flyball, 9, EV 91.3 MPH)
Top of the 1st over - 0 runs, 1 hit, 0 errors, 1 left on base; St. Lucie 0 - Bradenton 0
BOTTOM OF THE 1ST
Bradenton Marauders batting - Pitching for St. Lucie Mets : RHP Pat Sawtell
Pitching: RHP Pat Sawtell
Batting: RHB Luis Pena 0-0: Foul Ball, location: 3F
0-1: Swinging Strike
0-2: Strikes out swinging
Batting: RHB Matt Stuart 0-0: Ball
1-0: SINGLE (Line Drive, 89S, EV 93.8 MPH)
Batting: RHB Alejandro Fernandez 0-0: Ball
1-0: Grounds into double play, 5-4-3 (Groundball, 56, EV 86.9 MPH)
Bottom of the 1st over - 0 runs, 1 hit, 0 errors, 0 left on base; St. Lucie 0 - Bradenton 0
TOP OF THE 2ND
St. Lucie Mets batting - Pitching for Bradenton Marauders : RHP Bill Murray
Batting: RHB Tony Galicia 0-0: DOUBLE (Flyball, 78XD, EV 96.3 MPH)
Batting: RHB Craig Dennison 0-0: Called Strike
0-1: Foul Ball, location: 2F
0-2: Fly out, F8 (Flyball, 89M, EV 93.1 MPH)
Runner from 2nd tags up, SAFE at 3rd with throw by CF
Batting: RHB John Pennell 0-0: Ground out 4-3 (Groundball, 4, EV 80.0 MPH)
Tony Galicia scores
Batting: RHB Luis Medina 0-0: Called Strike
0-1: Ball
1-1: Ball
2-1: Ground out 6-3 (Groundball, 6, EV 79.4 MPH)
Top of the 2nd over - 1 run, 1 hit, 0 errors, 0 left on base; St. Lucie 1 - Bradenton 0
BOTTOM OF THE 2ND
Bradenton Marauders batting - Pitching for St. Lucie Mets : RHP Pat Sawtell
Batting: RHB Sean Malone 0-0: Ball
1-0: Ball
2-0: Called Strike
2-1: Swinging Strike
2-2: Ball
3-2: Foul Ball, location: 2F
3-2: SINGLE (Flyball, 89S, EV 97.5 MPH)
Batting: SHB Jimmy Lucas 0-0: Called Strike
0-1: Ball
1-1: Ball
2-1: DOUBLE (Line Drive, 78D, EV 104.4 MPH)
Sean Malone to third
Batting: RHB Mike Sanderson 0-0: Foul Ball, location: 9LSF
0-1: Ball
1-1: Swinging Strike
1-2: 3-RUN HOME RUN (Flyball, 9D, EV 96.3 MPH), Distance : 381 ft
Batting: RHB Jim Arnold 0-0: Ball
1-0: Called Strike
1-1: Called Strike
1-2: Strikes out swinging
Batting: LHB Tyler Kincaid 0-0: Called Strike
0-1: Ball
1-1: Ball
2-1: Ball
3-1: Base on Balls
Batting: RHB Justin Anselmi 0-0: Called Strike
0-1: Called Strike
0-2: Strikes out swinging
Batting: RHB Luis Pena 0-0: Ball
Tyler Kincaid steals 2nd base
1-0: SINGLE (Line Drive, 8RS, EV 100.0 MPH)
Tyler Kincaid to third
Runner from 3rd tries for Home, SAFE, throw by CF to home
Luis Pena to second
Batting: RHB Matt Stuart 0-0: SINGLE (Line Drive, 4D, EV 98.1 MPH)
Luis Pena to third
Batting: RHB Alejandro Fernandez 0-0: Called Strike
0-1: Ball
1-1: Ball
2-1: Fly out, F7 (Line Drive, 7D, EV 90.0 MPH)
Bottom of the 2nd over - 4 runs, 5 hits, 0 errors, 2 left on base; St. Lucie 1 - Bradenton 4
TOP OF THE 3RD
St. Lucie Mets batting - Pitching for Bradenton Marauders : RHP Bill Murray
Batting: LHB Jon Chavez 0-0: Called Strike
0-1: Called Strike
0-2: Ball
1-2: Foul Ball, location: 2F
1-2: Ball
2-2: Ground out 1-3 (Groundball, 25, EV 71.9 MPH)
Batting: RHB Ron Ferrero 0-0: Fly out, F9 (Flyball, 89M, EV 97.5 MPH)
Batting: LHB Victor Vargas 0-0: Swinging Strike
0-1: Swinging Strike
0-2: Strikes out looking
Top of the 3rd over - 0 runs, 0 hits, 0 errors, 0 left on base; St. Lucie 1 - Bradenton 4
BOTTOM OF THE 3RD
Bradenton Marauders batting - Pitching for St. Lucie Mets : RHP Pat Sawtell
Batting: RHB Sean Malone 0-0: Called Strike
0-1: Foul Ball, location: 5DF
0-2: Ball
1-2: Ball
2-2: SINGLE (Groundball, 56, EV 96.9 MPH)
Batting: SHB Jimmy Lucas 0-0: Called Strike
0-1: Ball
1-1: Foul Ball, location: 3F
1-2: Strikes out looking
Batting: RHB Mike Sanderson 0-0: Ball
1-0: Swinging Strike
1-1: Ball
2-1: Swinging Strike
2-2: Foul Ball, location: 3F, Error on foul ball, E3
2-2: DOUBLE (Line Drive, 9LM, EV 99.4 MPH)
Sean Malone to third
Batting: RHB Jim Arnold 0-0: Called Strike
0-1: Ball
1-1: Ball
2-1: Ball
3-1: Fly out, F7 (Flyball, 7LMF, EV 100.0 MPH)
Runner from 3rd tags up, SCORES, no throw by LF
Batting: LHB Tyler Kincaid 0-0: Ball
1-0: Ball
2-0: Ball
3-0: Called Strike
3-1: Foul Ball, location: 23F
3-2: Base on Balls
Batting: RHB Justin Anselmi 0-0: Ball
1-0: Ball
2-0: Called Strike
2-1: Fielders Choice at 2nd, 6-4 (Groundball, 6, EV 80.6 MPH)
Bottom of the 3rd over - 1 run, 2 hits, 1 error, 2 left on base; St. Lucie 1 - Bradenton 5
TOP OF THE 4TH
St. Lucie Mets batting - Pitching for Bradenton Marauders : RHP Bill Murray
Batting: RHB Ethan Robinson 0-0: Fly out, F9 (Flyball, 9S, EV 97.5 MPH)
Batting: LHB Jamie Heath 0-0: Ball
1-0: Foul Ball, location: 3SF
1-1: Foul Ball, location: 3FF
1-2: Ground out 3-1 (Groundball, 34, EV 83.1 MPH)
Batting: RHB Tony Galicia 0-0: Ball
1-0: Swinging Strike
1-1: Ground out 6-3 (Groundball, 6, EV 100.6 MPH)
Top of the 4th over - 0 runs, 0 hits, 0 errors, 0 left on base; St. Lucie 1 - Bradenton 5
BOTTOM OF THE 4TH
Bradenton Marauders batting - Pitching for St. Lucie Mets : RHP Pat Sawtell
Batting: RHB Luis Pena 0-0: Called Strike
0-1: Swinging Strike
0-2: Ball
1-2: Ball
2-2: Ball
3-2: Foul Ball, location: 5F
3-2: Foul Ball, location: 2F
3-2: SINGLE (Line Drive, 8RS, EV 100.0 MPH)
Batting: RHB Matt Stuart 0-0: Ball
1-0: Ball
2-0: Swinging Strike
2-1: Called Strike
2-2: Foul Ball, location: 2F
2-2: Strikes out swinging
Batting: RHB Alejandro Fernandez 0-0: Swinging Strike
0-1: DOUBLE (Line Drive, 9LD, EV 100.6 MPH)
Luis Pena to third
Runner from 3rd tries for Home, SAFE, throw by RF to home
Pitching: LHP Jason Webb
Batting: RHB Sean Malone 0-0: SINGLE (Line Drive, 6MD, EV 98.8 MPH)
Alejandro Fernandez to third
Batting: SHB Jimmy Lucas 0-0: Fielders Choice at 2nd, 6-4 (Groundball, 56, EV 82.5 MPH)
Alejandro Fernandez scores
Batting: RHB Mike Sanderson 0-0: Foul Ball, location: 2F
0-1: Ball
1-1: Called Strike
1-2: Fielders Choice at 2nd, 5-4 (Groundball, 56, EV 82.5 MPH)
Bottom of the 4th over - 2 runs, 3 hits, 0 errors, 1 left on base; St. Lucie 1 - Bradenton 7
TOP OF THE 5TH
St. Lucie Mets batting - Pitching for Bradenton Marauders : RHP Bill Murray
Batting: RHB Craig Dennison 0-0: Ground out 6-3 (Groundball, 6, EV 83.8 MPH)
Batting: RHB John Pennell 0-0: Called Strike
0-1: Ball
1-1: Ball
2-1: Ball
3-1: Base on Balls
Batting: RHB Luis Medina 0-0: Called Strike
0-1: Fly out, F9 (Flyball, 89M, EV 93.8 MPH)
Batting: LHB Jon Chavez 0-0: Called Strike
0-1: Called Strike
John Pennell steals 2nd base
0-2: Foul Ball, location: 2F
0-2: Strikes out swinging
Top of the 5th over - 0 runs, 0 hits, 0 errors, 1 left on base; St. Lucie 1 - Bradenton 7
BOTTOM OF THE 5TH
Bradenton Marauders batting - Pitching for St. Lucie Mets : LHP Jason Webb
Batting: RHB Jim Arnold 0-0: Foul Ball, location: 9LMF
0-1: Ball
1-1: Ball
2-1: Fly out, F7 (Flyball, 78XD, EV 80.6 MPH)
Batting: LHB Tyler Kincaid 0-0: Ball
1-0: Foul Ball, location: 7LSF
1-1: Ball
2-1: Ball
3-1: Called Strike
3-2: Strikes out swinging
Batting: RHB Justin Anselmi 0-0: Called Strike
0-1: Ball
1-1: Swinging Strike
1-2: Strikes out swinging
Bottom of the 5th over - 0 runs, 0 hits, 0 errors, 0 left on base; St. Lucie 1 - Bradenton 7
TOP OF THE 6TH
St. Lucie Mets batting - Pitching for Bradenton Marauders : RHP Bill Murray
Batting: RHB Ron Ferrero 0-0: Called Strike
0-1: Swinging Strike
0-2: Ball
1-2: Strikes out swinging
Batting: LHB Victor Vargas 0-0: SINGLE (Groundball, 34D, EV 99.4 MPH)
Batting: RHB Ethan Robinson 0-0: Foul Ball, location: 2F
0-1: Foul Ball, location: 25FF
0-2: Ball
1-2: Foul Ball, location: 2F
1-2: Fly out, F8 (Flyball, 89M, EV 85.0 MPH)
Pitching: LHP Israel Torres
Batting: LHB Jamie Heath 0-0: Ball
1-0: Called Strike
1-1: Foul Ball, location: 2LF
1-2: Ball
2-2: Ball
3-2: Ground out 4-3 (Groundball, 4, EV 100.6 MPH)
Top of the 6th over - 0 runs, 1 hit, 0 errors, 1 left on base; St. Lucie 1 - Bradenton 7
BOTTOM OF THE 6TH
Bradenton Marauders batting - Pitching for St. Lucie Mets : LHP Jason Webb
Batting: RHB Luis Pena 0-0: Called Strike
0-1: Swinging Strike
0-2: Ball
1-2: Strikes out looking
Batting: RHB Matt Stuart 0-0: Ground out 5-3 (Groundball, 5L, EV 84.4 MPH)
Batting: RHB Alejandro Fernandez 0-0: Called Strike
0-1: SINGLE (Line Drive, 34D, EV 95.6 MPH)
Batting: RHB Sean Malone 0-0: Ball
1-0: Ball
2-0: Foul Ball, location: 23F
2-1: Foul Ball, location: 2F
2-2: Ball
3-2: Base on Balls
Alejandro Fernandez to second
Batting: SHB Jimmy Lucas 0-0: Fly out, F8 (Flyball, 8RM, EV 87.5 MPH)
Bottom of the 6th over - 0 runs, 1 hit, 0 errors, 2 left on base; St. Lucie 1 - Bradenton 7
TOP OF THE 7TH
St. Lucie Mets batting - Pitching for Bradenton Marauders : LHP Israel Torres
Batting: RHB Tony Galicia 0-0: Fly out, F8 (Flyball, 8RM, EV 93.1 MPH)
Batting: RHB Craig Dennison 0-0: Called Strike
0-1: Ball
1-1: SINGLE (Line Drive, 6D, EV 100.0 MPH)
Batting: RHB John Pennell 0-0: Foul Ball, location: 2F
0-1: Foul Ball, location: 2F
0-2: Ball
1-2: Foul Ball, location: 5SF
1-2: Strikes out looking
Batting: RHB Luis Medina 0-0: Called Strike
0-1: Ball
1-1: Called Strike
1-2: Hit by Pitch
Craig Dennison to second
Batting: LHB Jon Chavez 0-0: Called Strike
0-1: Foul Ball, location: 25F
0-2: Ball
1-2: Strikes out swinging
Top of the 7th over - 0 runs, 1 hit, 0 errors, 2 left on base; St. Lucie 1 - Bradenton 7
BOTTOM OF THE 7TH
Bradenton Marauders batting - Pitching for St. Lucie Mets : LHP Jason Webb
Batting: RHB Mike Sanderson 0-0: Foul Ball, location: 2F
0-1: DOUBLE (Flyball, 89D, EV 107.5 MPH)
Batting: RHB Jim Arnold 0-0: Ball
1-0: Ball
2-0: Ball
3-0: Base on Balls
Batting: LHB Tyler Kincaid 0-0: Foul Ball, location: 7LSF
0-1: Hit by Pitch
Mike Sanderson to third
Jim Arnold to second
Batting: RHB Justin Anselmi 0-0: SINGLE (Groundball, 3D, EV 108.1 MPH)
Mike Sanderson scores
Jim Arnold to third
Tyler Kincaid to second
Batting: RHB Luis Pena 0-0: Called Strike
0-1: Ball
1-1: Swinging Strike
1-2: Foul Ball, location: 2F
1-2: Ball
2-2: Foul Ball, location: 9LSF
2-2: Fly out, F5 (Flyball, 5D, EV 79.4 MPH)
Pitching: RHP Kirk Servin
Batting: RHB Matt Stuart 0-0: Ball
1-0: Foul Ball, location: 9LSF
1-1: Fly out, F2 (Popup, 23F, EV 86.3 MPH)
Batting: RHB Alejandro Fernandez 0-0: Called Strike
0-1: Ball
1-1: Foul Ball, location: 2F
1-2: Ball
2-2: Strikes out swinging
Bottom of the 7th over - 1 run, 2 hits, 0 errors, 3 left on base; St. Lucie 1 - Bradenton 8
TOP OF THE 8TH
St. Lucie Mets batting - Pitching for Bradenton Marauders : LHP Israel Torres
Batting: RHB Ron Ferrero 0-0: Ball
1-0: Called Strike
1-1: Ground out 4-3 (Groundball, 4M, EV 105.0 MPH)
Batting: LHB Victor Vargas 0-0: Foul Ball, location: 5FF
0-1: Swinging Strike
0-2: Strikes out looking
Batting: RHB Ethan Robinson 0-0: Ball
1-0: Fly out, F8 (Flyball, 89XD, EV 106.3 MPH)
Top of the 8th over - 0 runs, 0 hits, 0 errors, 0 left on base; St. Lucie 1 - Bradenton 8
BOTTOM OF THE 8TH
Bradenton Marauders batting - Pitching for St. Lucie Mets : RHP Kirk Servin
Batting: RHB Sean Malone 0-0: Called Strike
0-1: Ball
1-1: Foul Ball, location: 23FF
1-2: Foul Ball, location: 7LDF
1-2: Foul Ball, location: 9LDF
1-2: Ball
2-2: Strikes out swinging
Batting: SHB Jimmy Lucas 0-0: Called Strike
0-1: Ball
1-1: Swinging Strike
1-2: Foul Ball, location: 2F
1-2: Strikes out swinging
Batting: RHB Mike Sanderson 0-0: Ball
1-0: Ball
2-0: Ball
3-0: Called Strike
3-1: Called Strike
3-2: Ground out 4-3 (Groundball, 34, EV 88.8 MPH)
Bottom of the 8th over - 0 runs, 0 hits, 0 errors, 0 left on base; St. Lucie 1 - Bradenton 8
TOP OF THE 9TH
St. Lucie Mets batting - Pitching for Bradenton Marauders : LHP Israel Torres
Batting: LHB Jamie Heath 0-0: Swinging Strike
0-1: Foul Ball, location: 25F
0-2: Strikes out swinging
Batting: RHB Tony Galicia 0-0: SINGLE (Line Drive, 8LS, EV 103.8 MPH)
Pitching: LHP Victor Reyes
Batting: RHB Craig Dennison 0-0: Called Strike
0-1: Ball
1-1: Ball
Wild Pitch!
Tony Galicia to second
2-1: Ball
3-1: Base on Balls
Batting: RHB John Pennell 0-0: Called Strike
0-1: Foul Ball, location: 3DF
0-2: Fielders Choice at 2nd, 3-6 (Groundball, 34, EV 81.9 MPH)
Tony Galicia to third
Pinch Hitting: RHB Ray Partipilo 0-0: Ball
1-0: Ball
2-0: Ball
3-0: Base on Balls
John Pennell to second
Batting: LHB Jon Chavez 0-0: Foul Ball, location: 5SF
0-1: Ball
1-1: Foul Ball, location: 7LMF
1-2: Ball
2-2: Hit by Pitch
Tony Galicia scores
John Pennell to third
Ray Partipilo to second
Batting: RHB Ron Ferrero 0-0: Ball
Wild Pitch!
John Pennell scores
Ray Partipilo to third
Jon Chavez to second
1-0: Ball
2-0: Called Strike
2-1: Ball
3-1: Base on Balls
Batting: LHB Victor Vargas 0-0: Called Strike
0-1: Ball
1-1: Foul Ball, location: 2F
1-2: Strikes out looking
Top of the 9th over - 2 runs, 1 hit, 0 errors, 3 left on base; St. Lucie 3 - Bradenton 8
Tuesday, May 14th , 2024 - OOTP Baseball 24.11 Build 85